 Dungeon Crawl Stone Soup version 0.23-a0-14-g8c9a20f (webtiles) character file.

3138 inc the Firebug (level 9, -3/57 HPs)
             Began as a Mummy Fire Elementalist on Aug 2, 2018.
             Was an Initiate of Gozag.
             Killed by divine providence
             ... invoked by an orc priest
              (15 damage)
             ... on level 9 of the Dungeon.
             The game lasted 00:19:54 (10952 turns).

inc the Firebug (Mummy Fire Elementalist)          Turns: 10952, Time: 00:19:55

Health: -3/57      AC:  3    Str: 17    XL:     9   Next: 61%
Magic:  21/27      EV: 12    Int: 18    God:    Gozag
Gold:   585        SH:  5    Dex: 15    Spells: 13/21 levels left

rFire    . . .     SeeInvis .   r - +5 hunting sling of the Final Decision {velocity, rF+ MP+9 Str+6}
rCold    + . .     Gourm    .   t - +0 buckler
rNeg     + + +     Faith    .   i - +0 leather armour {rN+}
rPois    ∞         Spirit   .   (no helmet)
rElec    .         Reflect  .   (no cloak)
rCorr    .         Harm     .   (no gloves)
MR       +....                  (no boots)
Stlth    +++.......             (no amulet)
HPRegen  0.19/turn              k - ring of stealth
MPRegen  0.20/turn              q - +3 ring of dexterity

@: no status effects
A: no food or potions, fire vulnerability, cold resistance 1, negative energy
resistance 3, torment resistance, unbreathing
a: Potion Petition, Call Merchant, Bribe Branch, Renounce Religion


You were on level 9 of the Dungeon.
You worshipped Gozag.
Gozag was pleased with you.
You were not hungry.

You visited 2 branches of the dungeon, and saw 11 of its levels.

You collected 721 gold pieces.
You paid 136 gold pieces to Gozag.

Inventory:

Hand Weapons
 c - a +0 club
 e - a +0 whip
 g - a +0 short sword
 p - a +1 dire flail of draining
 r - the +5 hunting sling of the Final Decision (weapon) {velocity, rF+ MP+9 Str+6}
   (You found it on level 6 of the Dungeon)

   Any stone fired from it inflicts extra damage.
   It affects your strength (+6).
   It protects you from fire.
   It affects your magic capacity (+9).
Missiles
 s - 82 stones (quivered)
Armour
 a - a +0 robe
 i - a +0 leather armour of positive energy (worn)
 t - a +0 buckler (worn)
Jewellery
 k - a ring of stealth (left hand)
 q - a +3 ring of dexterity (right hand)
 u - the ring of Elitism {rCorr MR- Str+8}
   (You took it off an orc warrior on level 7 of the Dungeon)

   [ring of resist corrosion]

   It affects your strength (+8).
   It affects your resistance to hostile enchantments.
Wands
 n - a wand of iceblast (2)
 w - a wand of random effects (28)
 x - a wand of paralysis (6)
Scrolls
 b - 3 scrolls of teleportation
 d - 5 scrolls of remove curse
 f - a scroll of fog
 h - 3 scrolls of enchant weapon
 j - 3 scrolls of magic mapping
 l - a scroll of random uselessness
 m - a scroll of immolation
 o - a scroll of blinking
 v - a scroll of summoning


   Skills:
 - Level 1.5 Dodging
 - Level 1.5 Stealth
 + Level 3.1 Shields
 - Level 6.6 Spellcasting
 - Level 7.2 Conjurations
 - Level 7.3 Fire Magic


You had 13 spell levels left.
You knew the following spells:

 Your Spells              Type           Power        Failure   Level  Hunger
a - Flame Tongue          Conj/Fire      ####.        1%          1    N/A
b - Conjure Flame         Conj/Fire      ####....     2%          3    N/A
c - Sticky Flame          Conj/Fire      ####....     8%          4    N/A

Your spell library contained the following spells:

 Spells                   Type           Power        Failure   Level  Hunger
 Fireball                 Conj/Fire      ####......   22%         5    N/A
 Throw Flame              Conj/Fire      ####..       1%          2    N/A
 Stone Arrow              Conj/Erth      ###...       11%         3    N/A
 Passwall                 Tmut/Erth      #.......     24%         2    N/A
 Lee's Rapid Deconstruct  Erth           #.........   99%         5    N/A
 Sandblast                Erth           #.....       16%         1    N/A
 Petrify                  Tmut/Erth      #.......     83%         4    N/A
 Inner Flame              Hex/Fire       ###.....     10%         3    N/A

Dungeon Overview and Level Annotations

Branches:
Dungeon (10/15)            Temple (1/1) D:7            Lair (0/6) D:9
    Orc: D:9-12

Altars:
Ashenzari
Cheibriados
Dithmenos
Elyvilon
Fedhas
Gozag
Hepliaklqana
Kikubaaqudgha
Makhleb
Nemelex Xobeh
Qazlal
Ru
Sif Muna
Trog
Uskayaw
Vehumet
Wu Jian
Xom
Yredelemnul
Zin
The Shining One

Shops:
D:5 }

Annotations:
D:6 1 runed door, Karim's ghost, novice GnTm
D:9 Erolcha


Innate Abilities, Weirdness & Mutations

You do not eat or drink.
Your flesh is vulnerable to fire.
You are immune to poison.
Your flesh is cold resistant. (rC+)
You are immune to negative energy. (rN+++)
You are immune to unholy pain and torment.
You can survive without breathing.


Message History

The orc priest calls down the wrath of Beogh upon you.
Beogh smites you!
The orc priest calls down the wrath of Beogh upon you.
Beogh smites you!
The orc priest calls upon Beogh to heal the orc priest.
The orc priest's wounds heal themselves!
The orc priest invokes the aid of Beogh against you.
Beogh smites you!
* * * LOW HITPOINT WARNING * * *
There is an open door here.
As you close the door, it creaks loudly!
An orc priest opens the door.
You see here a falchion.
There is an open door here.
Items here: )) [[ a flail; a leather armour; a short sword; a leather armour The orc priest invokes the aid of Beogh against you.
Beogh smites you!
You die...
Your body crumbles into a pile of gold.

#.# #####'###
#...oo..# #.......#
#..)....+ #.......#
#...)...# ####)####
#@# ##.# ### #..# ..
#.## #####. ##'####
#..... #.....#
#..... #.....###
#.....
#.....'.#######.....
#.....#......##.....


You could see 2 orc priests.

Vanquished Creatures
  A hornet (D:9)
  2 hippogriffs (D:9)
  A hungry ghost (D:8)
  Edmund (D:5)
  2 ice beasts
  A sky beast (D:5)
  4 orc warriors
  A phantom (D:7)
  3 centaurs
  An ogre (D:7)
  2 bullfrogs
  A water moccasin zombie (D:6)
  2 howler monkeys
  A crimson imp (D:9)
  2 bullfrog zombies
  7 hounds
  3 jellies
  5 orc priests
  A bullfrog skeleton (D:7)
  An iguana (D:8)
  5 orc wizards
  4 worker ants
  A hound zombie (D:6)
  A worker ant zombie (D:9)
  5 adders
  An ooze (D:3)
  2 adder skeletons
  3 worms
  4 dart slugs
  3 leopard geckos
  23 orcs
  6 ball pythons
  9 giant cockroaches
  7 goblins
  5 hobgoblins
  15 jackals
  9 kobolds
  5 quokkas
  7 bats
  8 frilled lizards
  6 rats
171 creatures vanquished.

Notes
Turn   | Place    | Note
-------+----------+-------------------------------------------
     0 | D:1      | inc the Mummy Fire Elementalist began the quest for the Orb.
     0 | D:1      | Reached XP level 1. HP: 13/13 MP: 4/4
     7 | D:1      | Reached skill level 1 in Conjurations
   246 | D:1      | Reached XP level 2. HP: 17/19 MP: 0/5
   774 | D:1      | Reached XP level 3. HP: 24/24 MP: 0/7
  1454 | D:2      | Found a burning altar of Makhleb.
  1607 | D:3      | Reached XP level 4. HP: 23/30 MP: 0/8
  2018 | D:2      | Found a snail-covered altar of Cheibriados.
  2018 | D:2      | Found a sacrificial altar of Ru.
  2018 | D:2      | Found a hazy altar of Hepliaklqana.
  3225 | D:4      | Found a shattered altar of Ashenzari.
  3430 | D:4      | Reached XP level 5. HP: 13/35 MP: 0/9
  3903 | D:5      | Entered Level 5 of the Dungeon
  4197 | D:5      | Noticed a sky beast
  4203 | D:5      | Learned a level 3 spell: Conjure Flame
  4208 | D:5      | Learned a level 4 spell: Sticky Flame
  4222 | D:5      | Killed a sky beast
  4491 | D:5      | Noticed Edmund
  4566 | D:5      | Found Apnan's Gadget Shop.
  4751 | D:5      | Reached XP level 6. HP: 41/41 MP: 8/10
  5164 | D:5      | Killed Edmund
  5266 | D:5      | Found a glowing silver altar of Zin.
  5492 | D:6      | Found a runed door.
  5495 | D:6      | Noticed Karim's ghost (novice GnTm)
  5653 | D:6      | Noticed an ice beast
  5659 | D:6      | Killed an ice beast
  5659 | D:6      | Reached skill level 5 in Conjurations
  5659 | D:6      | Reached XP level 7. HP: 46/46 MP: 7/11
  6068 | D:6      | Reached skill level 5 in Fire Magic
  6242 | D:6      | Got a dazzling hunting sling
  6243 | D:6      | Identified the +5 hunting sling of the Final Decision {velocity, rF+ MP+9 Str+6} (You found it on level 6 of the Dungeon)
  7042 | D:7      | Reached XP level 8. HP: 47/52 MP: 3/12
  7863 | D:7      | Got a flickering lead ring
  8139 | D:7      | Found a staircase to the Ecumenical Temple.
  8148 | Temple   | Entered the Ecumenical Temple
  8154 | Temple   | Became a worshipper of Gozag Ym Sagoz the Greedy
  8457 | D:8      | Found a sparkling altar of Nemelex Xobeh.
  8467 | D:8      | Reached skill level 5 in Spellcasting
  8714 | D:8      | Reached XP level 9. HP: 53/57 MP: 17/17
  9698 | D:8      | Identified the ring of Elitism {rCorr MR- Str+8} (You took it off an orc warrior on level 7 of the Dungeon)
  9907 | D:9      | Found a staircase to the Lair.
  9996 | D:9      | Noticed Erolcha
 10681 | D:10     | Entered Level 10 of the Dungeon
 10681 | D:10     | Noticed a two-headed ogre
 10952 | D:9      | Killed from afar by an orc priest

Vault maps used:
D:1:      dpeg_arrival_shelter
D:2:      gammafunk_temple_overflow_claw, makhleb_grotto_becter
D:4:      marbit_many_paths
D:5:      zin_scriptorium, first_ration, serial_shops, nicolae_shop_statue_plus,
          uniq_edmund
D:6:      ebering_ghost_sewer_d
D:7:      minmay_temple_entry_fiery, serial_corexii_hall,
          corexii_hall_statues_u, corexii_hall_statues_i, abandoned_shop
D:8:      nicolae_overflow_crystal_walls
D:9:      lemuel_coloured_pillars_altar, lair_entry_dummy, serial_shops, shop,
          st_stairs_14, hangedman_pestilent_swarm, uniq_erolcha
D:10:     david_orc_3
Temple:   eino_narrow_crystal_temple

Skill      XL: |  1  2  3  4  5  6  7  8  9 |
---------------+----------------------------+-----
Conjurations   | 1 2 3 4 5 6 7 |  7.2
Fire Magic     | 3 4 5 6 7 |  7.3
Spellcasting   | 5 6 |  6.6
Shields        | 3 |  3.1
Dodging        | |  1.5
Stealth        | |  1.5

Action                   |  1- 3 |  4- 6 |  7- 9 || total
-------------------------+-------+-------+-------++-------
Melee: Unarmed           |     2 |       |       ||     2
       Club              |     1 |       |       ||     1
       Short sword       |    12 |    35 |       ||    47
       Dire flail        |       |       |     6 ||     6
       Hunting sling     |       |       |     1 ||     1
 Fire: Hunting sling     |       |       |    22 ||    22
 Cast: Flame Tongue      |    81 |   121 |   214 ||   416
       Conjure Flame     |       |     1 |     3 ||     4
       Sticky Flame      |       |     1 |    16 ||    17
  Use: Scroll            |       |       |    11 ||    11
Armor: Robe              |    14 |    25 |    15 ||    54
       Leather armour    |       |       |     1 ||     1
Dodge: Dodged            |    48 |    68 |    86 ||   202

Table legend:
 A = Spawn XP
 B = Non-spawn XP
 C = Spawn XP percentage of total XP
 D = Spawn monster count
 E = Non-spawn monster count
 F = Spawn count percentage of total count
 G = Total turns spent on level
                    A         B        C        D         E        F      G
               +---------+---------+-------+---------+---------+-------+---------
         Total |       0 |    4484 |   0.0 |       0 |     171 |   0.0 | 10952
               +---------+---------+-------+---------+---------+-------+---------
           D:1 |       0 |      42 |   0.0 |       0 |      25 |   0.0 |  1118
           D:2 |       0 |      48 |   0.0 |       0 |      20 |   0.0 |  1024
           D:3 |       0 |      91 |   0.0 |       0 |      26 |   0.0 |  1109
           D:4 |       0 |      51 |   0.0 |       0 |       4 |   0.0 |   820
           D:5 |       0 |     344 |   0.0 |       0 |      12 |   0.0 |  1508
           D:6 |       0 |     643 |   0.0 |       0 |      23 |   0.0 |  1496
           D:7 |       0 |    1179 |   0.0 |       0 |      27 |   0.0 |  1135
           D:8 |       0 |     725 |   0.0 |       0 |      11 |   0.0 |  1307
           D:9 |       0 |    1359 |   0.0 |       0 |      22 |   0.0 |  1211
          D:10 |       0 |       2 |   0.0 |       0 |       1 |   0.0 |     6
               +---------+---------+-------+---------+---------+-------+---------
